 Dungeon Crawl Stone Soup version 0.30-a0-141-g30f27751c5 (webtiles) character file.

Game seed: 11806616033503674591

292 qw the Chopper (level 6, -2/38 HPs)
             Began as a Gargoyle Fighter on Sept 25, 2022.
             Slain by an orc warrior
             ... wielding a +0 halberd
              (9 damage)
             ... on level 4 of the Dungeon.
             The game lasted 00:01:00 (3554 turns).

qw the Chopper (Gargoyle Fighter)                   Turns: 3554, Time: 00:01:00

Health: -2/38      AC: 11    Str: 22    XL:     6   Next: 33%
Magic:  6/6        EV:  9    Int:  8    God:
Gold:   158        SH:  4    Dex:  9    Spells: 5/5 levels left

rFire   . . .      SeeInvis .    Y - +0 war axe
rCold   . . .      Faith    .    c - +0 buckler
rNeg    + . .      Spirit   .    b - +0 scale mail
rPois   inf        Reflect  .    (no helmet)
rElec   +          Harm     .    (no cloak)
rCorr   .          Rampage  .    (no gloves)
Will    .....                    (no boots)
Stlth   ..........               (no amulet)
HPRegen 0.12/turn                (no ring)
MPRegen 0.10/turn                (no ring)

@: about to teleport
A: sickness immunity, AC +4, negative energy resistance 1, electricity
resistance, torment resistance 1, petrification resistance
a: no special abilities


You were on level 4 of the Dungeon.
You visited 1 branch of the dungeon, and saw 4 of its levels.

You collected 158 gold pieces.


Innate Abilities, Weirdness & Mutations

You are immune to sickness and miasma.
Your stone body is resilient. (AC +4)
You are immune to poison.
You resist negative energy. (rN+)
You are resistant to electric shocks. (rElec)
You are resistant to unholy torment.
You are immune to petrification.


   Skills:
 - Level 4.0 Fighting
 - Level 5.3 Axes
 - Level 1.0 Throwing
 - Level 3.2 Armour
 + Level 0.3 Dodging
 - Level 3.2 Shields


You had 5 spell levels left.
You didn't know any spells.
Your spell library was empty.

Inventory:

Hand Weapons
 a - a +0 flail
 Y - a +0 war axe (weapon)
Armour
 b - a +0 scale mail (worn)
 c - a +0 buckler (worn)
 f - a +0 chain mail
Scrolls
 e - 2 scrolls of identify
 i - a scroll of teleportation
Potions
 d - a potion of might
 g - a potion of attraction
 h - a potion of mutation {unknown}
 j - a potion of lignification {unknown}
 k - a potion of curing {unknown}
 l - 2 potions of haste {unknown}

Dungeon Overview and Level Annotations

Branches:
Dungeon (4/15)
 Temple: D:4-7

Altars:
Gozag

Annotations:
D:2 1 runed translucent door, Crazy Yiuf
D:3 3 runed translucent doors, qw's ghost, amateur GrFi


Message History

The orc is almost dead.
The orc closely misses you.
You slash the orc!
You kill the orc!
You slash the orc!
You kill the orc!
You start resting.
HP restored.
e - 2 scrolls of identify (gained 1)
You now have 158 gold pieces (gained 13).
An orc warrior and an orc come into view.
The orc is wielding a +1 whip of flaming.
The orc warrior shouts!
The orc shouts!
An orc comes into view. It is wielding a +0 flail.
Enter note:
Enter note: An orc priest comes into view.
It is wielding a +0 whip.
You slash the orc warrior!
The orc warrior is heavily wounded.
You closely miss the orc.
The orc hits you with a +1 whip of flaming.
The orc burns you.
The orc warrior hits you with a +0 halberd.
You barely miss the orc warrior.
The orc warrior is heavily wounded.
You closely miss the orc. You hit the orc. The orc hits you but does no damage.
The orc warrior hits you with a +0 halberd!
The orc closely misses you. You block the orc's attack.
The orc hits you with a +1 whip of flaming.
The orc burns you.
The orc priest calls upon Beogh to heal the orc.
The orc's wounds heal themselves!
The orc warrior hits you with a +0 halberd!
3554 ||| READING 2 scrolls of teleportation.
As you read the scroll of teleportation, it crumbles to dust.
You feel strangely unstable. You block the orc's attack.
The orc warrior hits you with a +0 halberd!
You die...

#...........## ##.
............## ##..
.............#########...
.........................
.........................
..............#######...
..............# #..>
..............# #...
......o@......# ##..
.....ooo......# #..
..............# #..
................ ...
....####.....#.. ....
###..#### ... .## .. .#


You could see an orc warrior, an orc priest and 2 orcs.

Vanquished Creatures
  Sigmund (D:2)
  Terence (D:1)
  4 adders
  2 worms (D:3)
  4 dart slugs
  3 orcs (D:4)
  7 endoplasms
  3 giant cockroaches
  2 goblins (D:2)
  7 hobgoblins
  7 kobolds
  2 quokkas
  9 ball pythons
  A bat (D:1)
  2 frilled lizards (D:1)
  8 rats
63 creatures vanquished.

Vanquished Creatures (others)
  8 plants (D:3)
8 creatures vanquished.

Grand Total: 71 creatures vanquished

Notes
Turn   | Place    | Note
-------+----------+-------------------------------------------
     0 | D:1      | qw the Gargoyle Fighter began the quest for the Orb.
     0 | D:1      | Reached XP level 1. HP: 14/14 MP: 1/1
     0 | D:1      | 0 ||| qw: Version: 0.2-a-10-g399e6c4
     0 | D:1      | 0 ||| qw: Game counter: 315
     0 | D:1      | 0 ||| qw: Always use a shield: true
     0 | D:1      | 0 ||| qw: God list: Okawaru
     0 | D:1      | 0 ||| qw: Allow faded altars: false
     0 | D:1      | 0 ||| qw: Do Orc after D:15 true
     0 | D:1      | 0 ||| qw: Do second Lair branch before Depths: true
     0 | D:1      | 0 ||| qw: Lair rune preference: random
     0 | D:1      | 0 ||| qw: Plans: Normal, Zot:1-4, God:TSO, Crypt, Tomb,
                  | Pan, Slime:5, Hells, Abyss, Orb
     0 | D:1      | 0 ||| PLANNING D:1-11
    55 | D:1      | Reached skill level 2 in Axes
   132 | D:1      | Reached XP level 2. HP: 19/19 MP: 2/2
   218 | D:1      | 218 ||| Stepping ~*~*~tactically~*~*~ (stealth).
   676 | D:1      | 676 ||| READING scroll labelled FEIM FUNEM.
   677 | D:1      | 677 ||| READING 2 scrolls labelled QEJAPTISTI.
   680 | D:1      | 680 ||| READING scroll labelled JITRENL LENKANN.
   681 | D:1      | 681 ||| READING scroll labelled DUGAEF MOSI.
   831 | D:2      | Found a runed translucent door.
   832 | D:2      | Noticed Crazy Yiuf
   857 | D:2      | 857 ||| Stepping ~*~*~tactically~*~*~ (hiding).
   858 | D:2      | 858 ||| Stepping ~*~*~tactically~*~*~ (hiding).
   861 | D:2      | 861 ||| Stepping ~*~*~tactically~*~*~ (hiding).
   870 | D:2      | Reached skill level 3 in Axes
   988 | D:2      | Reached XP level 3. HP: 23/23 MP: 3/3
  1007 | D:2      | Reached skill level 1 in Throwing
  1038 | D:2      | Found a faded altar of an unknown god.
  1047 | D:2      | Noticed Terence
  1054 | D:2      | HP: 5/23 [Terence/+0 flail (1)]
  1055 | D:2      | 1055 ||| READING scroll of teleportation.
  1184 | D:2      | 1184 ||| FLEEEEING.
  1185 | D:2      | 1185 ||| FLEEEEING.
  1186 | D:2      | 1186 ||| FLEEEEING.
  1190 | D:2      | 1190 ||| FLEEEEING.
  1191 | D:2      | 1191 ||| FLEEEEING.
  1192 | D:2      | 1192 ||| FLEEEEING.
  1194 | D:2      | 1194 ||| FLEEEEING.
  1195 | D:2      | 1195 ||| FLEEEEING.
  1196 | D:2      | 1196 ||| FLEEEEING.
  1197 | D:2      | 1197 ||| STAIRDANCE
  1299 | D:2      | 1299 ||| STAIRDANCE
  1325 | D:1      | 1325 ||| DROPPING +0 club.
  1329 | D:2      | 1329 ||| STAIRDANCE
  1333 | D:1      | Killed Terence
  1334 | D:1      | Reached XP level 4. HP: 26/28 MP: 4/4
  1351 | D:1      | 1351 ||| DROPPING +0 whip.
  1356 | D:2      | 1356 ||| STAIRDANCE
  1455 | D:2      | 1455 ||| Stepping ~*~*~tactically~*~*~ (hiding).
  1682 | D:2      | Noticed Sigmund
  1683 | D:2      | 1683 ||| Stepping ~*~*~tactically~*~*~ (hiding).
  1697 | D:2      | Killed Sigmund
  1698 | D:2      | Reached skill level 5 in Axes
  1698 | D:2      | Reached XP level 5. HP: 26/32 MP: 5/5
  1698 | D:2      | Reached XP level 6. HP: 30/37 MP: 6/6
  1706 | D:2      | 1706 ||| FLEEEEING.
  1707 | D:2      | 1707 ||| FLEEEEING.
  1708 | D:2      | 1708 ||| FLEEEEING.
  1709 | D:2      | 1709 ||| FLEEEEING.
  1710 | D:2      | 1710 ||| FLEEEEING.
  1711 | D:2      | 1711 ||| FLEEEEING.
  1712 | D:2      | 1712 ||| FLEEEEING.
  1713 | D:2      | 1713 ||| FLEEEEING.
  1884 | D:2      | 1884 ||| Stepping ~*~*~tactically~*~*~ (stealth).
  1998 | D:3      | 1998 ||| Stepping ~*~*~tactically~*~*~ (stealth).
  1999 | D:3      | 1999 ||| Stepping ~*~*~tactically~*~*~ (stealth).
  2142 | D:3      | 2142 ||| Stepping ~*~*~tactically~*~*~ (stealth).
  2246 | D:3      | 2246 ||| Stepping ~*~*~tactically~*~*~ (stealth).
  2342 | D:3      | Found a runed translucent gate.
  2342 | D:3      | Found a runed translucent gate.
  2342 | D:3      | Found a runed translucent gate.
  2344 | D:3      | Found an opulent altar of Gozag.
  2345 | D:3      | Noticed qw's ghost (amateur GrFi)
  3157 | D:3      | 3157 ||| READING scroll labelled RANUM TACAO.
  3158 | D:3      | 3158 ||| READING 2 scrolls of identify.
  3158 | D:3      | 3158 ||| IDENTIFYING ruby potion
  3548 | D:4      | Noticed an orc warrior
  3553 | D:4      | HP: 7/38 [orc warrior/+0 halberd (12)]
  3554 | D:4      | 3554 ||| READING 2 scrolls of teleportation.
  3554 | D:4      | Slain by an orc warrior

Levels and vault maps discovered:
D:1:      psy_arrival_conway, layout_loops_cross, minmay_misc_feat_pillars,
          chequers_serial_rivers_micro_c, minmay_tromino_i2
D:2:      layout_rooms, ebering_ecumenical_altar_rust, minmay_cupped,
          uniq_terence, uniq_crazy_yiuf_cottage, uniq_sigmund
D:3:      layout_loops_corners, ebering_ghost_gozag, amethyst_killhole,
          serial_bayou_lagoon_b
D:4:      layout_layer_cave, kennysheep_okawaru_gauntlet

Skill      XL: |  1  2  3  4  5  6 |
---------------+-------------------+-----
Axes           | 2 3 5 |  5.3
Throwing       | 1 |  1.0
Fighting       | 4 |  4.0
Armour         | |  3.2
Dodging        | |  0.3
Shields        | |  3.2

Action                   |  1- 3 |  4- 6 || total
-------------------------+-------+-------++-------
Melee: War axe           |    61 |   114 ||   175
Throw: Javelin           |    26 |    22 ||    48
  Use: Scroll            |     5 |     3 ||     8
Armor: Scale mail        |    41 |    45 ||    86
Dodge: Dodged            |    36 |    44 ||    80
Block: Buckler           |     4 |    14 ||    18

Table legend:
 A = Non-vault XP
 B = Vault XP
 C = Vault XP percentage of total XP
 D = Non-vault monster count
 E = Vault monster count
 F = Vault count percentage of total count
                 A         B        C        D         E       F
            +---------+---------+-------+---------+---------+-------
      Total |     161 |     257 |  61.5 |      56 |       7 |  11.1
            +---------+---------+-------+---------+---------+-------
        D:1 |      22 |      37 |  62.7 |      13 |       2 |  13.3
        D:2 |      68 |     220 |  76.4 |      17 |       5 |  22.7
        D:3 |      51 |       0 |   0.0 |      17 |       0 |   0.0
        D:4 |      20 |       0 |   0.0 |       9 |       0 |   0.0
            +---------+---------+-------+---------+---------+-------
